Map: Cosmic Sapphire

Players

PiLiPiLi - Winner!

  • Race: Protoss Protoss
  • Spawn Location: 5:00

Creature

  • Race: Protoss Protoss
  • Spawn Location: 11:00

Event: DreamHack SC2 Masters 2022 Atlanta (Offline)

VOD

Have the link to the VOD?

Description

Time

  • Played on: Nov. 18, 2022, 12:01 p.m.
  • Length: 7:08

All games in this series

Show
View Real Time Build Order
Export as new Build Order

PiLiPiLi Protoss - Winner!

Build Orders:  

Get SALT Encoding   

  12  0:00  Probe  
  13  0:12  Probe  
  14  0:17  Pylon  
  14  0:24  Probe (Chrono Boost)  
  15  0:36  Probe (Chrono Boost)  
  15  0:37  Gateway  
  16  0:45  Probe (Chrono Boost)  
  16  0:46  Assimilator  
  17  0:51  Probe  
  17  0:56  Assimilator  
  18  1:03  Probe (Chrono Boost)  
  19  1:08  Gateway  
  19  1:15  Probe (Chrono Boost)  
  20  1:20  Probe (Chrono Boost)  
  21  1:26  Cybernetics Core  
  21  1:29  Probe  
  22  1:36  Pylon  
  22  1:41  Probe  
  23  1:54  Probe  
  24  2:02  Adept x2, Warp Gate  
  28  2:13  Pylon  
  28  2:14  Probe  
  29  2:32  Adept x2  
  32  2:47  Nexus  
  32  3:02  Adept x2  
  36  3:15  Pylon  
  36  3:18  Shield Battery  
  36  3:22  Shield Battery  
  36  3:28  Probe  
  36  3:29  Pylon  
  37  3:39  Robotics Facility  
  37  3:45  Probe  
  38  3:51  Adept x2  
  42  3:57  Probe  
  42  3:59  Probe  
  44  4:08  Gateway  
  44  4:09  Probe  
  45  4:11  Sentry x2  
  45  4:14  Probe  
  50  4:21  Probe  
  51  4:33  Immortal (Chrono Boost)  
  47  4:48  Sentry  
  47  4:49  Sentry  
  49  4:58  Gateway  
  49  4:59  Gateway  
  49  5:00  Pylon  
  49  5:01  Warp Prism (Chrono Boost)  
  51  5:07  Sentry  
  51  5:12  Sentry, Stalker  
  57  5:16  Pylon  
  57  5:27  Probe x2  
  57  5:28  Observer (Chrono Boost)  
  60  5:29  Pylon  
  60  5:46  Immortal (Chrono Boost)  
  64  5:57  Zealot x4  
  72  6:16  Stalker  
  72  6:17  Stalker x2  
  72  6:18  Zealot x2  
  68  6:40  Stalker x2  
  68  6:41  Zealot x2, Stalker  
  76  7:03  Zealot x4  
Show
View Real Time Build Order
Export as new Build Order

Creature Protoss 

Build Orders: Phoenix Opening 

Get SALT Encoding   

  12  0:00  Probe  
  13  0:12  Probe  
  14  0:17  Pylon  
  14  0:24  Probe  
  15  0:36  Gateway  
  15  0:37  Probe (Chrono Boost)  
  16  0:47  Probe (Chrono Boost)  
  16  0:48  Assimilator  
  17  0:52  Probe (Chrono Boost)  
  17  0:55  Assimilator  
  18  1:04  Probe (Chrono Boost)  
  19  1:08  Gateway  
  19  1:13  Probe (Chrono Boost)  
  19  1:18  Probe (Chrono Boost)  
  20  1:24  Cybernetics Core  
  21  1:30  Probe  
  22  1:35  Pylon  
  22  1:42  Probe  
  23  1:54  Probe  
  23  2:01  Stalker x2  
  28  2:02  Warp Gate  
  28  2:13  Pylon  
  28  2:31  Stalker x2  
  32  2:52  Nexus  
  32  2:57  Probe  
  33  3:06  Shield Battery  
  33  3:09  Sentry x2  
  37  3:15  Shield Battery  
  37  3:20  Probe  
  38  3:27  Pylon  
  38  3:32  Probe  
  39  3:44  Twilight Council, Phoenix  
  39  3:45  Probe  
  40  3:51  Stalker  
  42  3:57  Probe, Stalker  
  45  4:06  Probe (Chrono Boost)  
  45  4:09  Probe (Chrono Boost)  
  47  4:14  Shield Battery  
  47  4:18  Probe (Chrono Boost)  
  47  4:21  Probe (Chrono Boost)  
  49  4:25  Cybernetics Core  
  49  4:26  Probe (Chrono Boost)  
  49  4:27  Probe (Chrono Boost)  
  49  4:33  Stalker x2  
  51  4:39  Probe  
  46  4:49  Probe  
  46  4:50  Blink (Chrono Boost)  
  47  4:52  Probe  
  46  5:01  Probe  
  46  5:04  Probe  
  48  5:10  Robotics Facility  
  48  5:13  Probe, Stalker  
  51  5:14  Stalker  
  51  5:17  Probe  
  54  5:23  Pylon  
  54  5:25  Probe  
  55  5:29  Probe  
  55  5:34  Assimilator  
  56  5:37  Probe  
  56  5:38  Gateway  
  56  5:41  Probe, Gateway  
  58  5:43  Stalker  
  58  5:45  Stalker  
  58  5:49  Probe  
  63  5:53  Probe  
  64  5:58  Observer  
  64  6:01  Probe  
  66  6:06  Probe  
  66  6:09  Stalker  
  69  6:17  Pylon  
  69  6:21  Cybernetics Core  
  41  6:49  Pylon  
  41  6:56  Pylon  
Tags
 
Add a new tag
Caveats
  • Supply blocks, unpowered buildings, or Contaminate may cause inaccurate times.
  • Supply counts are checked every 10 seconds.